Map: Ruins of Endion

Players

Fropez

  • Race: Protoss Protoss
  • League: Silver
  • Spawn Location: 5:00

Sab - Winner!

  • Race: Protoss Protoss
  • League: Silver
  • Spawn Location: 7:00

VOD

Have the link to the VOD?

Description

Time

  • Played on: June 23, 2016, 11:23 a.m.
  • Length: 2:25
Show
View Real Time Build Order
Export as new Build Order

Fropez Protoss 

Build Orders:  

Get SALT Encoding   

  12  0:11  Pylon  
  12  0:14  Probe (Chrono Boost)  
  13  0:24  Probe (Chrono Boost)  
  14  0:33  Gateway  
  14  0:37  Probe (Chrono Boost)  
  16  0:50  Probe (Chrono Boost)  
  16  0:55  Pylon  
  16  0:57  Assimilator  
  16  1:00  Probe (Chrono Boost)  
  17  1:11  Probe (Chrono Boost)  
  18  1:20  Zealot (Chrono Boost)  
  20  1:39  Probe  
  21  1:55  Probe  
  21  1:58  Gateway  
  22  2:07  Probe  
  23  2:10  Pylon  
Show
View Real Time Build Order
Export as new Build Order

Sab Protoss - Winner!

Build Orders:  

Get SALT Encoding   

  12  0:02  Probe (Chrono Boost)  
  13  0:17  Pylon  
  13  0:20  Probe (Chrono Boost)  
  14  0:37  Forge  
  14  0:41  Probe (Chrono Boost)  
  15  0:51  Probe (Chrono Boost)  
  16  0:59  Pylon  
  16  1:22  Photon Cannon  
  16  1:23  Pylon  
  15  1:26  Pylon  
  15  1:48  Pylon  
  15  1:57  Photon Cannon  
  15  2:04  Photon Cannon  
  15  2:06  Pylon  
  15  2:08  Probe (Chrono Boost)  
  17  2:24  Photon Cannon  
Tags
 
Matchup
PvP
Replay Pack
All Mines
Spawn Locations
Close Positions
Add a new tag
Caveats
  • Supply blocks, unpowered buildings, or Contaminate may cause inaccurate times.
  • Supply counts are checked every 10 seconds.